 Dungeon Crawl Stone Soup version 0.28.0-45-g0d030f2227 (webtiles) character file.

Game seed: 5620144204350035275

197 jimonade the Magician (level 5, -2/37 HPs)
             Began as a Gnoll Hedge Wizard on Apr 6, 2022.
             Slain by Grinder (5 damage)
             ... on level 4 of the Dungeon.
             The game lasted 00:14:12 (5065 turns).

jimonade the Magician (Gnoll Hedge Wizard)          Turns: 5065, Time: 00:14:12

Health: -2/37      AC:  2    Str: 11    XL:     5   Next: 75%
Magic:  11/14      EV: 13    Int: 13    God:
Gold:   153        SH:  0    Dex: 12    Spells: 13/18 levels left

rFire   . . .      SeeInvis .   i - +1 dagger (venom)
rCold   . . .      Faith    .   (no shield)
rNeg    . . .      Spirit   .   b - +0 robe
rPois   .          Reflect  .   c - +0 hat
rElec   .          Harm     .   (no cloak)
rCorr   .          Rampage  .   (no gloves)
Will    .....                   (no boots)
Stlth   +++.......              (no amulet)
HPRegen 0.12/turn               (no ring)
MPRegen 0.14/turn               (no ring)

@: no status effects
A: fangs 1, strong nose, distributed training
a: no special abilities


You were on level 4 of the Dungeon.
You visited 1 branch of the dungeon, and saw 4 of its levels.

You collected 153 gold pieces.

Inventory:

Hand Weapons
 d - a +0 dagger of draining
 i - a +1 dagger of venom (weapon)
 l - a +0 hunting sling
 w - a +0 dagger
Missiles
 e - 19 stones
 g - 53 sling bullets
 h - 20 poisoned darts
 o - 25 bolts
 p - 26 arrows
Armour
 a - a +0 helmet
 b - a +0 robe (worn)
 c - a +0 hat (worn)
 k - a +0 ring mail
 m - a +0 leather armour
 t - a +0 ring mail
 x - a +0 leather armour
Magical Staves
 r - a staff of poison
Scrolls
 n - a scroll of acquirement {unknown}
 q - a scroll of holy word {unknown}
 u - a scroll of silence {unknown}
 y - 2 scrolls of identify {unknown}
 z - a scroll of teleportation {unknown}
Potions
 f - a potion of brilliance {unknown}
 j - a potion of degeneration {unknown}
 s - 3 potions of attraction {unknown}
 v - a potion of curing {unknown}
 A - a potion of flight {unknown}


   Skills:
 + Level 1.6 Fighting
 + Level 1.6 Short Blades
 + Level 1.6 Long Blades
 + Level 1.6 Axes
 + Level 1.6 Maces & Flails
 + Level 1.6 Polearms
 + Level 1.6 Staves
 + Level 1.6 Slings
 + Level 1.6 Bows
 + Level 1.6 Crossbows
 + Level 1.6 Throwing
 + Level 1.6 Armour
 + Level 4.8 Dodging
 + Level 4.4 Stealth
 + Level 1.6 Shields
 + Level 1.6 Unarmed Combat
 + Level 7.3 Spellcasting
 + Level 2.4 Conjurations
 + Level 1.3 Hexes
 + Level 2.4 Summonings
 + Level 1.3 Necromancy
 + Level 2.4 Translocations
 + Level 1.3 Transmutations
 + Level 1.3 Fire Magic
 + Level 1.3 Ice Magic
 + Level 1.3 Air Magic
 + Level 1.3 Earth Magic
 + Level 1.3 Poison Magic
 + Level 1.8 Invocations
 + Level 1.6 Evocations


You had 13 spell levels left.
You knew the following spells:

 Your Spells              Type           Power      Damage    Failure   Level
a - Magic Dart            Conj           44%        1d5       5%          1
b - Blink                 Tloc           22%        N/A       9%          2
c - Call Imp              Summ           11%        N/A       9%          2

Your spell library contained the following spells:

 Spells                   Type           Power      Damage    Failure   Level
 Animate Skeleton         Necr           16%        N/A       9%          1
 Pain                     Necr           32%        1d5       9%          1
 Slow                     Hex            32%        N/A       9%          1
 Conjure Flame            Conj/Fire      9%         6-21      21%         3
 Mephitic Cloud           Conj/Pois/Air  9%         N/A       22%         3
 Vampiric Draining        Necr           8%         2d6       26%         3


Dungeon Overview and Level Annotations

Branches:
Dungeon (4/15)
 Temple: D:4-7

Altars:
Ashenzari

Portals:
Abyss: D:3

Annotations:
D:3 2 transporters, nickcage's ghost, amateur FoFi
D:4 Grinder


Innate Abilities, Weirdness & Mutations

You have very sharp teeth.
Your uncanny sense of smell can sniff out nearby items.
Your experience applies equally to all skills.


Message History

Grinder is lightly wounded.
Your crimson imp hits Grinder.
Grinder gestures at you.
You suddenly lose the ability to move!
Your crimson imp hits Grinder.
Grinder barely misses you.
Your crimson imp hits Grinder.
Grinder completely misses you.
Your crimson imp closely misses Grinder.
Grinder hits you!
Your crimson imp hits Grinder but does no damage.
Grinder gestures at you.
You shrug off the repeated paralysis!
Your crimson imp blinks!
Grinder hits you.
You writhe in agony.
Grinder hits you.
You can move again.
Casting: Call Imp (safe; 9% risk of failure)
Confirm with . or Enter, or press ? or * to list all spells.
A shadowy apparition takes form in the air.
Your crimson imp disappears in a puff of smoke!
Grinder hits you.
You writhe in agony.
You closely miss Grinder.
Grinder is moderately wounded.
Grinder hits you!
* * * LOW HITPOINT WARNING * * *
You writhe in agony.
* * * LOW HITPOINT WARNING * * *
Your shadow imp hits Grinder.
You hit Grinder.
Grinder is moderately wounded.
Grinder hits you.
* * * LOW HITPOINT WARNING * * *
You writhe in agony.
* * * LOW HITPOINT WARNING * * *
Your shadow imp hits Grinder.
You closely miss Grinder.
Grinder is moderately wounded.
Grinder hits you.
* * * LOW HITPOINT WARNING * * *
You writhe in agony.
You die...

## #. #. #. ##########
#########. ##........ ..........
#........# #.#######..
#..55.###.#.# ### #.#
#.##.<@........ ..# #.# # ###
#......<.##.#. #.# #.# #.####.#
####........# #.# #.# #......###
##.#######.###.###.# #......#
##+# #.........# #.##.#.#
##...## #####.##### ##.#.#
##.....## #....#
#.#...o###.......## #..###
#......##^.......ยง####...######


You could see Grinder (ally target) and a friendly shadow imp (summoned).

Vanquished Creatures
  Natasha (D:3)
  3 adders
  2 worms
  A dart slug (D:3)
  10 endoplasms
  3 giant cockroaches
  7 goblins
  5 hobgoblins
  3 jackals (D:1)
  10 kobolds
  5 quokkas
  3 ball pythons
  6 bats
  6 frilled lizards
  6 rats
71 creatures vanquished.

Vanquished Creatures (collateral kills)
  Natasha (twice) (D:3)
  4 orcs
  A goblin (D:4)
  2 ball pythons
  A kobold (D:1)
10 creatures vanquished.

Vanquished Creatures (others)
  15 plants (D:1)
15 creatures vanquished.

Grand Total: 96 creatures vanquished

Notes
Turn   | Place    | Note
-------+----------+-------------------------------------------
     0 | D:1      | jimonade the Gnoll Hedge Wizard began the quest for the
                  | Orb.
     0 | D:1      | Reached XP level 1. HP: 13/13 MP: 8/8
   454 | D:1      | Reached XP level 2. HP: 14/18 MP: 6/10
  1157 | D:1      | Learned a level 2 spell: Blink
  1160 | D:1      | Learned a level 2 spell: Call Imp
  1482 | D:1      | Reached XP level 3. HP: 25/25 MP: 11/11
  1534 | D:1      | Found a faded altar of an unknown god.
  1971 | D:2      | Reached skill level 1 in Invocations
  2107 | D:2      | Found a broken altar of Ashenzari.
  2386 | D:2      | Reached skill level 1 in Fighting
  2386 | D:2      | Reached skill level 1 in Short Blades
  2386 | D:2      | Reached skill level 1 in Long Blades
  2386 | D:2      | Reached skill level 1 in Axes
  2386 | D:2      | Reached skill level 1 in Maces & Flails
  2386 | D:2      | Reached skill level 1 in Polearms
  2386 | D:2      | Reached skill level 1 in Staves
  2386 | D:2      | Reached skill level 1 in Slings
  2386 | D:2      | Reached skill level 1 in Bows
  2386 | D:2      | Reached skill level 1 in Crossbows
  2386 | D:2      | Reached skill level 1 in Throwing
  2386 | D:2      | Reached skill level 1 in Armour
  2386 | D:2      | Reached skill level 1 in Shields
  2386 | D:2      | Reached skill level 1 in Unarmed Combat
  2386 | D:2      | Reached skill level 1 in Evocations
  2722 | D:2      | Reached XP level 4. HP: 28/32 MP: 9/13
  3348 | D:3      | Noticed Natasha
  3380 | D:3      | Killed Natasha
  3381 | D:3      | Reached skill level 1 in Hexes
  3381 | D:3      | Reached skill level 1 in Necromancy
  3381 | D:3      | Reached skill level 1 in Transmutations
  3381 | D:3      | Reached skill level 1 in Fire Magic
  3381 | D:3      | Reached skill level 1 in Ice Magic
  3381 | D:3      | Reached skill level 1 in Air Magic
  3381 | D:3      | Reached skill level 1 in Earth Magic
  3381 | D:3      | Reached skill level 1 in Poison Magic
  3599 | D:3      | Reached XP level 5. HP: 37/37 MP: 14/14
  3670 | D:3      | Found a transporter.
  3703 | D:3      | Noticed a small abomination
  3713 | D:3      | Noticed an ancient zyme
  3719 | D:3      | Noticed nickcage's ghost (amateur FoFi)
  3758 | D:3      | Found a transporter.
  3791 | D:3      | Noticed Natasha
  3809 | D:3      | Killed Natasha
  4112 | D:3      | Found a one-way gate to the infinite horrors of the Abyss.
  4138 | D:3      | Noticed Natasha
  4205 | D:3      | Killed Natasha
  4466 | D:4      | Noticed a phantom
  5050 | D:4      | Noticed Grinder
  5055 | D:4      | Paralysed by Grinder for 7 turns
  5065 | D:4      | Slain by Grinder

Illustrated notes

Levels and vault maps discovered:
D:1:      minmay_arrival_doors, layout_basic,
          chequers_ecumenical_altar_simple_redux, serial_curves, eino_curves_03,
          eino_curves_03, kennysheep_pointless_box, lexackson_kobold_supper
D:2:      layout_basic, basic_altar
D:3:      layout_basic, gammafunk_ghost_abyssal_escape,
          minmay_fractal_squares_gapless_5, uniq_natasha
D:4:      layout_loops_corners, minitemple, makhleb_heckhound_becter,
          kennysheep_generic_room_5, uniq_grinder

Skill      XL: |  1  2  3  4 |
---------------+-------------+-----
Conjurations   | 2 |  2.4
Summonings     | 2 |  2.4
Translocations | 2 |  2.4
Invocations    | 1 |  1.8
Fighting       | 1 |  1.6
Short Blades   | 1 |  1.6
Long Blades    | 1 |  1.6
Axes           | 1 |  1.6
Maces & Flails | 1 |  1.6
Polearms       | 1 |  1.6
Staves         | 1 |  1.6
Slings         | 1 |  1.6
Bows           | 1 |  1.6
Crossbows      | 1 |  1.6
Throwing       | 1 |  1.6
Armour         | 1 |  1.6
Shields        | 1 |  1.6
Unarmed Combat | 1 |  1.6
Evocations     | 1 |  1.6
Hexes          | 1 |  1.3
Necromancy     | 1 |  1.3
Transmutations | 1 |  1.3
Fire Magic     | 1 |  1.3
Ice Magic      | 1 |  1.3
Air Magic      | 1 |  1.3
Earth Magic    | 1 |  1.3
Poison Magic   | 1 |  1.3
Dodging        | |  4.8
Stealth        | |  4.4
Spellcasting   | |  7.3

Action                   |  1- 3 |  4- 6 || total
-------------------------+-------+-------++-------
Melee: Dagger            |   116 |    85 ||   201
       Punch             |     4 |     1 ||     5
       Bite              |     4 |     4 ||     8
 Cast: Magic Dart        |    44 |     7 ||    51
       Call Imp          |     2 |    18 ||    20
 Stab: Sleeping          |     5 |     9 ||    14
Armor: Robe              |    13 |    12 ||    25
Dodge: Dodged            |    66 |    60 ||   126
